 Dungeon Crawl Stone Soup version 0.31-a0-210-gccc998df9b (webtiles) character file.

Game seed: 1411571195968204909

81 qw the Chopper (level 4, -1/28 HPs)
             Began as a Gargoyle Fighter on June 29, 2023.
             Slain by a goblin
             ... wielding a +0 club
              (3 damage)
             ... on level 2 of the Dungeon.
             The game lasted 00:00:50 (1552 turns).

qw the Chopper (Gargoyle Fighter)                   Turns: 1552, Time: 00:00:51

Health: -1/28      AC: 10    Str: 21    XL:     4   Next: 42%
Magic:  4/4        EV:  9    Int:  9    God:
Gold:   74         SH:  0    Dex:  9    Spells: 3/3 levels left

rFire   . . .        Y - +0 war axe
rCold   . . .        c - +0 buckler
rNeg    + . .        b - +0 scale mail
rPois   inf          (no helmet)
rElec   +            (no cloak)
rCorr   .            (no gloves)
SInv    +            (no boots)
Will    .....        (no amulet) Stlth
                     g - ring of see invisible
HPRegen 0.24/turn    (no ring)
MPRegen 0.09/turn

%: no passive effects
@: confused
A: sickness immunity, AC +3, negative energy resistance 1, electricity
resistance, torment resistance 1, petrification resistance
a: no special abilities


You were on level 2 of the Dungeon.
You visited 1 branch of the dungeon, and saw 2 of its levels.

You collected 74 gold pieces.


Innate Abilities, Weirdness & Mutations

You are immune to sickness and miasma.
Your stone body is resilient. (AC +3)
You are immune to poison.
You resist negative energy. (rN+)
You are resistant to electric shocks. (rElec)
You are resistant to unholy torment.
You are immune to petrification.


   Skills:
 - Level 3.2 Fighting
 + Level 4.1 Axes
 - Level 3.2 Armour
 - Level 3.2 Shields


You had 3 spell levels left.
You didn't know any spells.
Your spell library was empty.

Inventory:

Hand Weapons
 h - a +0 whip
 Y - a +0 war axe (weapon)
Armour
 a - a +0 helmet
 b - a +0 scale mail (worn)
 c - a +0 buckler (worn)
Jewellery
 g - a ring of see invisible (left hand)
Potions
 d - a potion of might
 f - a potion of resistance {unknown}

Dungeon Overview and Level Annotations

Branches:
Dungeon (2/15)

Altars:

Annotations:
D:2 Sigmund


Message History

You closely miss the adder.
The adder is heavily wounded.
You hit the goblin.
The adder bites you but does no damage. x2; You block the goblin's attack.
You barely miss the goblin.
The goblin is almost dead.
You hit the adder. Sigmund casts a spell at you.
You are confused.
The adder completely misses you. The goblin hits you with a +0 club.
Sigmund hits you from afar with a +0 scythe.
The adder bites you. The goblin hits you but does no damage.
The adder barely misses you. The adder bites you but does no damage.
Sigmund gestures at you while chanting.
You are more confused.
The goblin hits you but does no damage. The adder bites you but does no damage.
Sigmund barely misses you. The goblin hits you but does no damage.
The adder completely misses you. The goblin hits you but does no damage.
The adder bites you but does no damage.
Sigmund hits you from afar with a +0 scythe.
The goblin closely misses you. The adder barely misses you. The worm bites you.
The adder bites you but does no damage. Sigmund looks at you with fury.
Sigmund hits you from afar with a +0 scythe!
The goblin hits you but does no damage. The worm bites you but does no damage.
The adder barely misses you. The goblin hits you but does no damage.
Sigmund's eyes start glowing with a red light.
Sigmund hits you but does no damage. The adder barely misses you.
The goblin hits you but does no damage. The adder bites you but does no damage.
The worm bites you but does no damage. The adder bites you but does no damage.
The goblin barely misses you. Sigmund barely misses you.
The adder closely misses you. The goblin hits you with a +0 club.
The worm bites you but does no damage.
Sigmund laughs darkly.
Sigmund closely misses you. The adder bites you but does no damage.
The goblin hits you with a +0 club.
You die...

.. .. # ... #. .# .# ....#..
.###.## ..#.. ....... ....
..... . #.##.@.###.#
...###.gS%.......# ..
.......w@# .. ###.g .####...#
.##.... #.### ..#...#
########.## #.#...##
####.........# #.#.....
#............##########.#.....
#............#................
#...#######.##................
#...# #..%................


You could see Sigmund (invisible), a worm, an adder and a goblin.

Vanquished Creatures
  Robin (D:2)
  An adder (D:2)
  A dart slug (D:1)
  4 bats (D:1)
  7 endoplasms
  9 hobgoblins
  5 jackals
  3 kobolds
  7 ball pythons
  A frilled lizard (D:1)
  10 goblins
  2 rats (D:1)
51 creatures vanquished.

Notes
Turn   | Place    | Note
-------+----------+-------------------------------------------
     0 | D:1      | qw the Gargoyle Fighter began the quest for the Orb.
     0 | D:1      | Reached XP level 1. HP: 14/14 MP: 1/1
     0 | D:1      | 0 ||| qw: Version: 0.3-a-24-g62f9e04
     0 | D:1      | 0 ||| qw: Game counter: 6670
     0 | D:1      | 0 ||| qw: Melee chars always use a shield: true
     0 | D:1      | 0 ||| qw: God list: Okawaru
     0 | D:1      | 0 ||| qw: Allow faded altars: false
     0 | D:1      | 0 ||| qw: Do Orc after clearing Dungeon:15 true
     0 | D:1      | 0 ||| qw: Do second Lair branch before Depths: true
     0 | D:1      | 0 ||| qw: Lair rune preference: random
     0 | D:1      | 0 ||| qw: Goals: Normal, Zot:1-4, Slime:5, God:TSO, Crypt,
                  | Tomb, Abyss, Pan, Hells, Win
     0 | D:1      | 0 ||| PLANNING D:1-11
    37 | D:1      | Reached skill level 2 in Axes
   179 | D:1      | 179 ||| Stepping ~*~*~tactically~*~*~ (hiding).
   186 | D:1      | Reached XP level 2. HP: 19/19 MP: 2/2
   389 | D:1      | 389 ||| FLEEEEING.
   391 | D:1      | 391 ||| FLEEEEING.
   392 | D:1      | 392 ||| FLEEEEING.
   393 | D:1      | 393 ||| FLEEEEING.
   394 | D:1      | 394 ||| FLEEEEING.
   395 | D:1      | 395 ||| FLEEEEING.
   396 | D:1      | 396 ||| FLEEEEING.
   397 | D:1      | 397 ||| FLEEEEING.
   398 | D:1      | 398 ||| FLEEEEING.
   399 | D:1      | 399 ||| FLEEEEING.
   400 | D:1      | 400 ||| FLEEEEING.
   401 | D:1      | 401 ||| FLEEEEING.
   402 | D:1      | 402 ||| FLEEEEING.
   403 | D:1      | 403 ||| FLEEEEING.
   404 | D:1      | 404 ||| FLEEEEING.
   405 | D:1      | 405 ||| FLEEEEING.
   406 | D:1      | 406 ||| FLEEEEING.
   407 | D:1      | 407 ||| FLEEEEING.
   408 | D:1      | 408 ||| FLEEEEING.
   409 | D:1      | 409 ||| FLEEEEING.
   410 | D:1      | 410 ||| FLEEEEING.
   411 | D:1      | 411 ||| FLEEEEING.
   412 | D:1      | 412 ||| FLEEEEING.
   413 | D:1      | 413 ||| FLEEEEING.
   414 | D:1      | 414 ||| FLEEEEING.
   415 | D:1      | 415 ||| FLEEEEING.
   416 | D:1      | 416 ||| FLEEEEING.
   417 | D:1      | 417 ||| FLEEEEING.
   418 | D:1      | 418 ||| FLEEEEING.
   419 | D:1      | 419 ||| FLEEEEING.
   420 | D:1      | 420 ||| FLEEEEING.
   421 | D:1      | 421 ||| FLEEEEING.
   422 | D:1      | 422 ||| FLEEEEING.
   423 | D:1      | 423 ||| FLEEEEING.
   424 | D:1      | 424 ||| FLEEEEING.
   425 | D:1      | 425 ||| FLEEEEING.
   504 | D:1      | 504 ||| Stepping ~*~*~tactically~*~*~ (hiding).
   631 | D:1      | 631 ||| Stepping ~*~*~tactically~*~*~ (stealth).
   699 | D:1      | Reached skill level 3 in Axes
   716 | D:1      | 716 ||| DROPPING +0 club.
   762 | D:1      | Reached XP level 3. HP: 23/23 MP: 3/3
   971 | D:1      | Found a faded altar of an unknown god.
  1175 | D:1      | 1175 ||| UPGRADING to ring of see invisible.
  1176 | D:1      | 1176 ||| READING scroll labelled JOADDUNILOD.
  1266 | D:2      | Noticed Robin
  1268 | D:2      | Reached XP level 4. HP: 24/28 MP: 4/4
  1272 | D:2      | HP: 7/28 [Robin/+5 club (4)]
  1274 | D:2      | Killed Robin
  1275 | D:2      | Reached skill level 4 in Axes
  1399 | D:2      | 1399 ||| FLEEEEING.
  1404 | D:2      | 1404 ||| FLEEEEING.
  1405 | D:2      | 1405 ||| FLEEEEING.
  1406 | D:2      | 1406 ||| FLEEEEING.
  1407 | D:2      | 1407 ||| FLEEEEING.
  1408 | D:2      | 1408 ||| FLEEEEING.
  1409 | D:2      | 1409 ||| FLEEEEING.
  1415 | D:2      | 1415 ||| Stepping ~*~*~tactically~*~*~ (hiding).
  1416 | D:2      | 1416 ||| Stepping ~*~*~tactically~*~*~ (hiding).
  1533 | D:2      | Noticed Sigmund
  1547 | D:2      | HP: 2/28 [Sigmund/+0 scythe (8)]
  1552 | D:2      | Slain by a goblin

Levels and vault maps discovered:
D:1:      onia_arrival_mini_spirals, layout_loops_corners,
          basic_ecumenical_altar, minivault_19
D:2:      layout_basic, kennysheep_generic_room_12, uniq_sigmund, uniq_robin

Skill      XL: |  1  2  3  4 |
---------------+-------------+-----
Axes           | 2 3 4 |  4.1
Fighting       | |  3.2
Armour         | |  3.2
Shields        | |  3.2

Action                     |  1- 3 |  4- 6 || total
---------------------------+-------+-------++-------
  Melee: War axe           |   115 |    20 ||   135
    Use: Scroll            |     1 |       ||     1
 Armour: Scale mail        |    67 |    30 ||    97
  Dodge: Dodged            |    50 |    26 ||    76
  Block: Buckler           |    16 |     5 ||    21

Table legend:
 A = Non-vault XP
 B = Vault XP
 C = Vault XP percentage of total XP
 D = Non-vault monster count
 E = Vault monster count
 F = Vault count percentage of total count
                 A         B        C        D         E       F
            +---------+---------+-------+---------+---------+-------
      Total |      78 |      39 |  33.3 |      38 |      13 |  25.5
            +---------+---------+-------+---------+---------+-------
        D:1 |      52 |       0 |   0.0 |      30 |       0 |   0.0
        D:2 |      26 |      39 |  60.0 |       8 |      13 |  61.9
            +---------+---------+-------+---------+---------+-------
